Minoru, lawful male human Samurai ----- ---------- |.<).######## |........| |).(| # ##-).......| |...| ### ------- ----------- # |.........# #...)| # ......| ---..........##### |.......(|# #----- ##a--......-- |...........| |........|# #### a@aa._....| |...........| ----------# # |a.@.....| |............####### # # --......-- ---.........| # # ......| ----------- # # ------- ### # #------|--# #|........# #.....>..| |.......| --------- Minoru the Ninja Experience level: 8 Strength: 10 Dexterity: 18 Constitution: 17 Intelligence: 15 Wisdom: 11 Charisma: 7 Health: 0(82) Energy: 31(31) Def: 9 Gold: 5594 Moves: 8465 Dungeon seed: -wydzHyJTQ0slIRf Game ID: Minoru_1434238887 Your Inventory: Coins $ - 5594 gold pieces Amulets m - an uncursed amulet of reflection named reflection (being worn) Weapons a - a +0 katana (weapon in hand) b - a +2 wakizashi c - a +1 yumi (alternate weapon; not wielded) d - 30 +0 ya (in quiver) f - 12 +0 shuriken j - 7 +0 silver arrows w - 16 +0 arrows C - 3 +0 elven arrows Armor q - an uncursed +1 tanko named non-cursed (being worn) z - an uncursed burnt +0 pair of low boots named non-cursed (being worn) N - an uncursed +0 kabuto named non-cursed (being worn) Y - an uncursed +0 mummy wrapping Comestibles r - 3 uncursed gunyoki J - an uncursed pancake O - 3 uncursed slime molds Z - an uncursed sprig of wolfsbane Scrolls F - an uncursed scroll of genocide G - a cursed scroll of teleportation M - an uncursed scroll of stinking cloud S - 2 uncursed scrolls of identify Potions e - an uncursed potion of paralysis s - 2 uncursed potions of extra healing E - an uncursed potion of speed K - a blessed potion of object detection W - an uncursed potion of oil Wands g - a wand of sleep named sleep/death (0:3) t - a wand of digging (0:5) u - a blessed wand of magic missile (0:2) y - a wand of enlightenment (0:13) Tools k - an uncursed oil lamp (0:1385) n - an uncursed blindfold v - an uncursed leash x - an uncursed skeleton key H - an uncursed tin whistle P - an uncursed mirror Gems I - an uncursed worthless piece of blue glass Q - an uncursed worthless piece of green glass Spells known in the end: Name Level Category Fail Memory a - detect monsters 1 divination 100% 74% b - invisibility 4 escape 100% 97% Your skills at the end: Fighting Skills martial arts [Basic] Weapon Skills short sword [Basic] long sword [Skilled] bow [Skilled] shuriken [Basic] Spellcasting Skills Final Attributes: You were fervently aligned. You saw invisible. You were telepathic. You were fast. You had reflection. You are dead. Vanquished creatures: 2 giant mimics a xan a freezing sphere a red naga a crocodile 3 leprechauns a spotted jelly a mountain nymph an iron piercer a black light an owlbear 5 lizards a dingo a jaguar a gnome mummy a Woodland-elf 2 soldier ants 3 bugbears an imp 5 Mordor orcs a rock piercer a pony 2 fog clouds a yellow light 2 shriekers a violet fungus 4 gnome lords a gnomish wizard a kobold mummy a guardian naga hatchling 2 gray oozes 3 elf zombies a ghoul a paper golem 2 giant ants a little dog 4 floating eyes 2 kittens a kobold shaman 5 rothes a centipede 5 giant bats 2 monkeys 2 dwarf zombies a wererat a werejackal 2 iguanas a killer bee 8 acid blobs a coyote 3 gas spores a hobbit 4 large kobolds 4 hobgoblins 2 giant rats a cave spider a brown mold 3 yellow molds 2 green molds 3 red molds a gnome 9 garter snakes 13 manes 3 gnome zombies 4 geckos 14 jackals 3 foxen 3 kobolds 3 goblins 3 sewer rats 10 grid bugs 3 bats 6 lichens a kobold zombie 8 newts 203 creatures vanquished. Voluntary challenges: You were an atheist. You used a wielded weapon 208 times, starting on turn 1. You read items or engraved 40 times, starting on turn 1521. You never genocided any monsters. You never polymorphed an object. You changed form 1 time, starting on turn 1753. You cheated 2 times but completed Sokoban on turn 5640. You used no wishes. You never split a pudding. You never wrote Elbereth's name. You never violated your personal moral code. Dungeon overview: The Dungeons of Doom: levels 1 to 12 Level 1 a long staircase Level 2 some fountains Level 3 Level 4 Level 5 a fountain Level 6 a fountain Level 7 many fountains Level 8 stairs to Sokoban Level 9 Level 10 some fountains Level 11 <- You were here a temple to Raijin Level 12 Sokoban: levels 4 to 7 Level 4 Level 5 Level 6 Level 7 stairs to The Dungeons of Doom History has recorded: On T:1 you entered the Dungeons of Doom to retrieve the Amulet of Yendor! On T:529 you reached level 2 of The Dungeons of Doom. On T:668 you reached level 3 of The Dungeons of Doom. On T:966 you reached level 4 of The Dungeons of Doom. On T:971 you advanced to experience level 2. On T:1418 you reached level 5 of The Dungeons of Doom. On T:1564 you reached level 6 of The Dungeons of Doom. On T:1575 you advanced to experience level 3. On T:1750 you advanced to experience level 4. On T:2272 you reached level 7 of The Dungeons of Doom. On T:2680 you reached level 8 of The Dungeons of Doom. On T:2758 you advanced to experience level 5. On T:2777 you received advice from The Oracle. On T:3040 you reached level 9 of The Dungeons of Doom. On T:3306 you reached level 4 of Sokoban. On T:3398 you advanced to experience level 6. On T:3613 you reached level 3 of Sokoban. On T:4563 you reached level 2 of Sokoban. On T:4906 you reached level 1 of Sokoban. On T:5493 you advanced to experience level 7. On T:5640 you entered the Sokoban zoo. On T:6166 you advanced to experience level 8. On T:6876 you reached level 10 of The Dungeons of Doom. On T:7850 you reached level 11 of The Dungeons of Doom. On T:7914 you reached level 12 of The Dungeons of Doom. Score breakdown: Gold: 5594 (12748 points) Experience: 8 levels (14739 points) Exploration: 12 levels ( 23.08%) (13932 points) Discoveries: 29 items ( 11.74%) (10279 points) Valuables value: (no points given unless you survive) Artifact value: 0 ( 0 points) Variety of kills: 75 monsters ( 19.79%) (13345 points) Time penalty: 8465 turns (-2132 points) Survival: died (score multiplied by 80%) Total score: 50328 Latest messages: The soldier ant misses. The soldier ant stings! The fire ant bites! The fire ant just misses! The killer bee stings! The killer bee misses. The soldier ant bites! The soldier ant stings! The fire ant bites! You die... Final status: Sayonara Minoru the Samurai, killed by a fire ant... You died in The Dungeons of Doom on dungeon level 11 with 50328 points, and 5594 pieces of gold, after 8465 moves. You were level 8 with a maximum of 82 hit points when you died.